Map: Nightscape LE

Players

Hemosu

  • Race: Terran Terran
  • League: Diamond
  • Spawn Location: 7:00

YowOnee

  • Race: Protoss Protoss
  • League: Diamond
  • Spawn Location: 7:00

Massa - Winner!

  • Race: Terran Terran
  • League: Platinum
  • Spawn Location: 1:00

qqq - Winner!

  • Race: Protoss Protoss
  • League: Platinum
  • Spawn Location: 1:00

VOD

Have the link to the VOD?

Description

Time

  • Played on: Dec. 14, 2020, noon
  • Length: 10:02
Show
View Real Time Build Order
Export as new Build Order

Hemosu Terran 

Build Orders:  

Get SALT Encoding   

  12  0:00  SCV  
  13  0:12  SCV  
  14  0:24  SCV  
  14  0:26  Supply Depot  
  15  0:39  Refinery  
  15  0:48  SCV  
  15  0:49  Barracks  
  16  0:55  Refinery  
  16  1:00  SCV  
  17  1:12  SCV  
  18  1:24  SCV  
  19  1:36  SCV  
  20  1:41  Factory  
  20  2:08  Marine  
  21  2:09  Orbital Command  
  21  2:10  Bunker  
  21  2:26  Bunker, Marine  
  21  2:27  Factory Tech Lab  
  22  2:33  Supply Depot  
  22  2:39  SCV  
  22  2:40  Supply Depot  
  23  2:55  Marine, Siege Tank  
  27  3:13  Marine  
  27  3:27  Siege Tank  
  28  3:44  Marine  
  25  3:54  Barracks  
  25  3:55  SCV  
  26  3:56  Barracks  
  26  3:59  Siege Tank  
  26  4:02  Marine  
  29  4:20  Marine  
  30  4:31  Siege Tank  
  30  4:37  Marine  
  33  4:50  Marine  
  34  4:54  Marine  
  34  4:55  Marine  
  36  5:03  Siege Tank  
  36  5:05  Command Center  
  39  5:10  Supply Depot  
  39  5:17  Marine  
  39  5:31  Marine  
  40  5:36  Siege Tank  
  43  5:55  Barracks Reactor, Barracks Tech Lab  
  39  6:27  Marine  
  39  6:28  Marine  
  39  6:31  Engineering Bay  
  41  6:33  SCV  
  41  6:34  Marine x2  
  41  6:37  Stimpack  
  44  6:45  Marine  
  45  6:59  Orbital Command  
  45  7:15  Starport, SCV  
  46  7:23  Missile Turret  
  46  7:24  Marine x4, Missile Turret  
  46  7:26  Starport  
  50  7:41  Marine  
  50  7:42  Marine  
  50  7:43  Missile Turret  
  52  7:46  SCV x2  
  54  8:02  Starport Tech Lab x2  
  54  8:13  Marine x4, Missile Turret  
  54  8:14  Missile Turret  
  57  8:31  Marine x2  
  55  9:41  SCV, Missile Turret  
Show
View Real Time Build Order
Export as new Build Order

YowOnee Protoss 

Build Orders:  

Get SALT Encoding   

  12  0:01  Probe (Chrono Boost)  
  13  0:11  Probe (Chrono Boost)  
  14  0:16  Probe (Chrono Boost)  
  15  0:22  Pylon  
  15  0:40  Probe  
  16  0:47  Gateway  
  16  0:58  Probe  
  16  1:02  Assimilator  
  17  1:10  Probe  
  18  1:15  Assimilator  
  18  1:20  Assimilator  
  18  1:32  Zealot (Chrono Boost)  
  20  1:45  Probe  
  20  1:46  Assimilator  
  14  2:21  Probe (Chrono Boost), Pylon  
  15  2:33  Probe (Chrono Boost)  
  15  2:40  Gateway  
  15  2:43  Probe (Chrono Boost)  
  16  2:56  Probe  
  15  3:29  Cybernetics Core  
  11  7:14  Nexus  
  4  8:52  Probe (Chrono Boost)  
  5  9:04  Probe (Chrono Boost)  
  6  9:22  Probe  
  6  9:38  Probe (Chrono Boost)  
  7  9:49  Probe (Chrono Boost)  
Show
View Real Time Build Order
Export as new Build Order

Massa Terran - Winner!

Build Orders:  

Get SALT Encoding   

  12  0:00  SCV  
  13  0:12  SCV  
  14  0:22  Supply Depot  
  14  0:24  SCV  
  15  0:44  SCV, Barracks  
  16  0:56  SCV  
  17  1:08  SCV  
  17  1:10  Refinery  
  18  1:20  SCV  
  19  1:32  SCV  
  20  1:40  Command Center  
  20  1:44  Orbital Command  
  20  2:02  Reaper  
  21  2:10  Command Center  
  21  2:14  SCV  
  22  2:20  Refinery  
  22  2:26  SCV  
  23  2:43  Supply Depot  
  23  2:45  Supply Depot  
  23  2:46  Supply Depot  
  23  2:52  Orbital Command, Reaper, SCV  
  25  3:25  Reaper  
  26  3:40  SCV x2  
  28  3:44  Orbital Command  
  27  3:52  SCV x2  
  29  4:01  Barracks, Factory  
  29  4:02  Supply Depot  
  29  4:04  SCV x2  
  29  4:05  Refinery  
  31  4:16  SCV  
  32  4:23  Reaper  
  32  4:25  Supply Depot  
  32  4:49  Factory Tech Lab  
  32  4:50  Barracks Tech Lab  
  31  4:55  SCV x3  
  31  4:59  Refinery  
  35  5:07  SCV x3  
  35  5:08  Barracks  
  35  5:09  Starport  
  35  5:11  Barracks  
  35  5:12  Barracks  
  37  5:17  Stimpack  
  37  5:18  Siege Tank  
  37  5:19  SCV, Marauder, Marine  
  37  5:21  SCV x2  
  46  5:27  Engineering Bay  
  46  5:31  SCV  
  47  5:37  Marine  
  47  5:41  Marauder  
  47  5:42  SCV x2  
  52  5:43  SCV  
  53  5:54  SCV x2  
  53  5:55  SCV  
  53  5:56  Barracks Reactor  
  56  5:57  Siege Tank  
  56  6:01  Barracks Reactor, Barracks Tech Lab x2  
  56  6:02  Marauder  
  61  6:06  SCV x2  
  61  6:07  SCV  
  64  6:12  Missile Turret  
  64  6:15  Missile Turret  
  65  6:19  Terran Infantry Weapons Level 1  
  65  6:20  Orbital Command  
  64  6:27  SCV x2  
  66  6:39  SCV x2  
  68  6:40  Marauder x2, Sensor Tower  
  68  6:41  Marauder, Marine  
  75  6:47  Starport Tech Lab  
  75  6:49  Supply Depot x2  
  75  6:50  Combat Shield  
  75  6:51  Liberator, Supply Depot x2  
  75  6:53  Concussive Shells  
  78  6:54  Marine  
  78  6:55  Marine  
  78  6:56  Marine  
  81  7:02  Marauder x3  
  81  7:04  SCV  
  81  7:05  SCV x2  
  90  7:13  Supply Depot  
  90  7:16  Supply Depot  
  90  7:17  SCV, Siege Tank  
  90  7:19  SCV x2  
  96  7:23  Marauder x2  
  96  7:26  Missile Turret  
  96  7:28  Sensor Tower  
  96  7:29  SCV  
  101  7:31  SCV  
  101  7:34  Liberator  
  101  7:35  SCV  
  106  7:39  Armory  
  106  7:41  SCV, Engineering Bay  
  106  7:43  SCV  
  108  8:06  Refinery  
  108  8:07  Refinery, Marauder x3  
  108  8:08  Marine  
  108  8:09  Marine  
  116  8:21  Command Center  
  116  8:28  Marauder, Missile Turret  
  116  8:29  Marauder x2  
  116  8:33  Missile Turret  
  122  8:35  Command Center  
  122  8:49  Missile Turret  
  122  8:50  Marauder  
  124  9:35  Marauder x3, Marine x2  
  124  9:36  Marine x2  
Show
View Real Time Build Order
Export as new Build Order

qqq Protoss - Winner!

Build Orders: Cannon Rush 

Get SALT Encoding   

  12  0:01  Probe  
  13  0:13  Probe  
  14  0:22  Pylon  
  14  0:25  Probe  
  15  0:43  Probe  
  16  0:50  Forge  
  16  1:14  Pylon  
  16  1:16  Pylon  
  16  1:18  Pylon  
  16  1:33  Photon Cannon  
  16  1:39  Photon Cannon  
  16  1:43  Photon Cannon  
  16  2:04  Pylon  
  15  2:18  Pylon  
  15  2:25  Photon Cannon  
  15  2:29  Pylon  
  15  2:33  Gateway  
  15  2:38  Photon Cannon  
  15  2:54  Photon Cannon  
  15  3:02  Photon Cannon  
  15  3:10  Photon Cannon  
  15  3:24  Photon Cannon  
  15  3:26  Zealot  
  17  3:49  Pylon  
  17  3:53  Zealot  
  19  4:00  Nexus  
  17  4:20  Zealot  
  17  4:23  Photon Cannon  
  19  4:27  Cybernetics Core  
  19  4:32  Probe  
  20  4:44  Probe  
  21  4:47  Zealot (Chrono Boost)  
  23  4:56  Probe  
  24  5:08  Probe  
  27  5:20  Probe  
  20  5:30  Assimilator  
  20  5:32  Probe (Chrono Boost)  
  21  5:42  Assimilator  
  22  5:43  Probe (Chrono Boost)  
  22  5:45  Probe (Chrono Boost)  
  22  5:47  Assimilator  
  23  5:54  Probe (Chrono Boost), Nexus, Assimilator  
  23  5:56  Probe (Chrono Boost)  
  24  6:03  Probe  
  26  6:08  Probe (Chrono Boost)  
  27  6:19  Probe (Chrono Boost)  
  27  6:20  Probe (Chrono Boost)  
  28  6:29  Probe (Chrono Boost)  
  28  6:31  Probe (Chrono Boost)  
  30  6:35  Probe  
  30  6:37  Stargate  
  30  6:39  Probe  
  33  6:47  Probe  
  33  6:51  Probe  
  34  6:57  Stargate  
  34  6:59  Probe  
  35  7:04  Probe  
  37  7:10  Probe (Chrono Boost)  
  37  7:11  Probe (Chrono Boost)  
  38  7:21  Probe (Chrono Boost)  
  41  7:23  Probe (Chrono Boost)  
  41  7:25  Oracle (Chrono Boost)  
  41  7:26  Probe (Chrono Boost)  
  41  7:28  Probe (Chrono Boost)  
  46  7:30  Probe (Chrono Boost)  
  46  7:32  Probe  
  47  7:37  Probe  
  47  7:40  Probe, Protoss Air Weapons Level 1  
  49  7:44  Probe  
  49  7:49  Probe  
  53  7:52  Probe, Phoenix (Chrono Boost)  
  53  7:54  Phoenix (Chrono Boost)  
  53  7:56  Probe  
  57  8:01  Probe  
  57  8:04  Probe  
  59  8:06  Pylon  
  59  8:09  Probe  
  59  8:11  Pylon  
  60  8:14  Probe  
  61  8:24  Probe x2, Phoenix x2  
  61  8:25  Pylon  
  61  8:26  Probe  
  68  8:29  Pylon  
  68  8:36  Probe x2  
  68  8:38  Probe  
  68  8:48  Probe  
  68  8:50  Probe x2  
  68  8:51  Phoenix  
  73  8:56  Fleet Beacon  
  73  8:57  Pylon  
  73  9:00  Pylon  
  73  9:01  Assimilator  
  73  9:02  Pylon  
  73  9:05  Assimilator  
  73  9:09  Probe  
  75  9:10  Probe x2  
  75  9:14  Nexus  
  76  9:19  Phoenix  
  76  9:21  Phoenix  
  76  9:22  Probe x3  
  83  9:33  Pylon  
  83  9:34  Probe  
  83  9:37  Pylon  
  86  9:46  Photon Cannon  
  86  9:51  Photon Cannon  
Tags
 
Add a new tag
Caveats
  • Supply blocks, unpowered buildings, or Contaminate may cause inaccurate times.
  • Supply counts are checked every 10 seconds.